 Dungeon Crawl Stone Soup version 0.24-a0-784-g601f8f6d22 (webtiles) character file.

Game seed: 12771927798943318338, levelgen mode: deterministic

224 Kohma the Chopper (level 6, -1/56 HPs)
             Began as a Hill Orc Berserker on Oct 9, 2019.
             Was a Priest of Trog.
             Slain by an ogre
             ... wielding a +0 giant club
              (10 damage)
             ... on level 4 of the Dungeon.
             The game lasted 00:06:09 (3446 turns).

Kohma the Chopper (Hill Orc Berserker)              Turns: 3446, Time: 00:06:10

Health: -1/56      AC: 13    Str: 22    XL:     6   Next: 0%
Magic:  6/6        EV:  6    Int:  7    God:    Trog [***...]
Gold:   150        SH:  0    Dex: 10    Spells: 5/5 levels left

rFire    . . .     SeeInvis .   a - +0 hand axe
rCold    . . .     Gourm    .   (no shield)
rNeg     . . .     Faith    .   p - +0 plate armour
rPois    .         Spirit   .   (no helmet)
rElec    .         Reflect  .   (no cloak)
rCorr    .         Harm     .   (no gloves)
MR       ++...                  m - +1 pair of boots
Stlth    ..........             (no amulet)
HPRegen  1.18/turn              (no ring)
MPRegen  0.10/turn              (no ring)

@: regenerating
A: no striking features
a: Berserk, Trog's Hand, Renounce Religion


You were on level 4 of the Dungeon.
You worshipped Trog.
Trog was most pleased with you.
You were hungry.

You visited 1 branch of the dungeon, and saw 4 of its levels.

You collected 150 gold pieces.

Inventory:

Hand Weapons
 a - a +0 hand axe (weapon)
Missiles
 f - 3 poisoned darts (quivered)
 u - 6 curare-tipped darts
Armour
 m - a +1 pair of boots (worn)
 p - a +0 plate armour (worn)
Jewellery
 b - an uncursed ring of fire
 g - an uncursed ring of ice
Wands
 w - a wand of acid (12)
Scrolls
 d - a scroll of enchant weapon {unknown}
 i - a scroll of noise {unknown}
 k - a scroll of enchant armour {unknown}
 l - a scroll of fear {unknown}
 q - 2 scrolls of teleportation
 s - 2 scrolls of remove curse
 t - a scroll of blinking
Potions
 h - a potion of heal wounds
 j - a potion of mutation
 n - a potion of agility
 o - a potion of might
 r - 2 potions of flight
Comestibles
 c - 5 rations
 v - a chunk of flesh


   Skills:
 + Level 5.3 Fighting
 * Level 7.4 Axes
 - Level 2.1 Armour
 - Level 1.5 Dodging


You had 5 spell levels left.
You didn't know any spells.
Your spell library was empty.

Dungeon Overview and Level Annotations

Branches:
Dungeon (4/15)
 Temple: D:4-7

Altars:
Yredelemnul


Message History

The ogre is moderately wounded.
The ogre hits you with a +0 giant club!
You hit the ogre.
The ogre is heavily wounded.
The ogre hits you but does no damage.
You hit the ogre.
The ogre is severely wounded.
Your plate armour prevents you from hitting the ogre.
The ogre is severely wounded.
The ogre hits you with a +0 giant club!!
* * * LOW HITPOINT WARNING * * *
Okay, then.
Your skin crawls.
You feel resistant to hostile enchantments.
You are feeling hungry.
The ogre closely misses you.
You closely miss the ogre.
The ogre is severely wounded.
The ogre hits you with a +0 giant club!
You die...

.#.# #.....## ...#
#.####.....## .##+#...#
#..........+. .....
=......####.....##
#.....#.####.####.######
#.....#.##..............
#..........#.####.####..
#+###..###.####.####.#
#((.O@....?รท..........
.....###..##.####.####..
.... +.....#.........
... ####..######.### ##
#..# ... ...# #.# ##..
#.# #.. .# ..


You could see an ogre.

Vanquished Creatures
  A big kobold (D:3)
  An iguana (D:4)
  A gnoll (D:2)
  4 adders
  4 dart slugs
  A leopard gecko (D:4)
  10 bats
  5 giant cockroaches
  6 goblins
  8 hobgoblins
  4 jackals (D:1)
  4 frilled lizards (D:2)
  16 kobolds
  8 rats
  A spectral orc (D:3)
74 creatures vanquished.

Vanquished Creatures (others)
  A quokka skeleton (D:4)
1 creature vanquished.

Grand Total: 75 creatures vanquished

Notes
Turn   | Place    | Note
-------+----------+-------------------------------------------
     0 | D:1      | Kohma the Hill Orc Berserker began the quest for the Orb.
     0 | D:1      | Reached XP level 1. HP: 19/19 MP: 1/1
   301 | D:1      | Reached XP level 2. HP: 24/27 MP: 2/2
   586 | D:1      | Reached skill level 5 in Axes
   687 | D:1      | Reached XP level 3. HP: 32/33 MP: 3/3
   764 | D:1      | Reached ** piety under Trog
  1576 | D:2      | Reached XP level 4. HP: 23/41 MP: 4/4
  2355 | D:3      | Reached skill level 6 in Axes
  2826 | D:3      | Found a basalt altar of Yredelemnul.
  2882 | D:3      | Reached *** piety under Trog
  2923 | D:3      | Noticed a big kobold
  2948 | D:3      | Killed a big kobold
  2948 | D:3      | Reached skill level 5 in Fighting
  2948 | D:3      | Reached skill level 7 in Axes
  2948 | D:3      | Reached XP level 5. HP: 38/48 MP: 5/5
  3418 | D:4      | Reached XP level 6. HP: 55/56 MP: 6/6
  3446 | D:4      | Slain by an ogre

Levels and vault maps discovered:
D:1:      kennysheep_arrival_seaside, layout_basic
D:2:      minmay_chambers_of_ones, layout_basic
D:3:      cheibrodos_thug_alley, layout_basic,
          yredelemnul_forgotten_temple_becter, first_ration
D:4:      minmay_evil_eye, layout_basic, grunt_qazlal_clouds, uniq_pikel

Skill      XL: |  1  2  3  4 |
---------------+-------------+-----
Fighting       | 4 5 |  5.3
Axes           | 5 7 |  7.4
Armour         | |  2.1
Dodging        | |  1.5

Action                   |  1- 3 |  4- 6 || total
-------------------------+-------+-------++-------
Melee: Hand axe          |   120 |   150 ||   270
Throw: Dart              |       |     2 ||     2
Invok: Trog's Hand       |       |     1 ||     1
  Use: Scroll            |       |     9 ||     9
 Stab: Distracted        |     1 |       ||     1
  Eat: Chunk             |     2 |     6 ||     8
Armor: Animal skin       |    23 |       ||    23
       Chain mail        |    15 |     5 ||    20
       Plate armour      |       |    84 ||    84
Dodge: Dodged            |    76 |    44 ||   120

Table legend:
 A = Non-vault XP
 B = Vault XP
 C = Vault XP percentage of total XP
 D = Non-vault monster count
 E = Vault monster count
 F = Vault count percentage of total count
                 A         B        C        D         E       F
            +---------+---------+-------+---------+---------+-------
      Total |     185 |     136 |  42.4 |      58 |      16 |  21.6
            +---------+---------+-------+---------+---------+-------
        D:1 |      42 |       0 |   0.0 |      25 |       0 |   0.0
        D:2 |      27 |      19 |  41.3 |      15 |       5 |  25.0
        D:3 |      61 |     117 |  65.7 |      14 |      11 |  44.0
        D:4 |      55 |       0 |   0.0 |       4 |       0 |   0.0
            +---------+---------+-------+---------+---------+-------
